AoeStats
← terra95

Arabia

508852674Analyzed
2v2 RM · 8d ago on Sep 24, 2026· 45m 46s· 4 players
Game mode
Random Map
Map size
Medium (4 player)
Population
200
Speed
Normal
Resources
Standard
Victory
Conquest
Starting age
Dark Age
Ending age
Imperial Age
RankedLock teamsTeams togetherTeam positionsShared explorationLock speedFull tech treeHidden civsTurbo modeCheats
Victory
Defeat
🇨🇳 Koreans · China
1446
+10
1171
+22
🇩🇪 Danes · Germany
1303
-16
🇩🇪 Varangians · Germany
1302
-16
BlackRay
5:59 Loom
8:50 Feudal Age
9:23 Double-Bit Axe
9:52 Double-Bit Axe
15:01 Horse Collar
16:11 Bloodlines
20:28 Castle Age
18:30 Gold Mining
18:54 Scale Barding Armor
19:45 Forging
21:33 Chain Barding Armor
21:40 Bow Saw
22:09 Husbandry
26:15 Scale Mail Armor
28:00 Iron Casting
28:22 Town Watch
30:40 Wheelbarrow
32:18 Hand Cart
32:18 Stone Mining
34:36 Heavy Plow
39:11 Imperial Age
37:45 Fletching
38:35 Bodkin Arrow
39:29 Masonry
39:19 Cavalier
41:39 Plate Barding Armor
43:32 Blast Furnace
terra95
6:47 Loom
9:12 Feudal Age
9:44 Man-at-Arms
13:59 Arson
14:20 Double-Bit Axe
19:03 Horse Collar
19:25 Fletching
19:35 Padded Archer Armor
24:32 Castle Age
24:44 Scale Mail Armor
24:55 Forging
25:40 Chain Mail Armor
25:20 Gambesons
27:29 Squires
27:34 Gold Mining
31:16 Iron Casting
36:57 Elite Skirmisher
小桦
6:19 Loom
8:55 Feudal Age
15:40 Fletching
17:54 Double-Bit Axe
19:27 Horse Collar
23:37 Castle Age
22:05 Gold Mining
23:44 Crossbowman
24:49 Bow Saw
24:38 Bodkin Arrow
25:41 Wheelbarrow
26:01 Gold Shaft Mining
25:34 Town Watch
26:59 Ballistics
32:48 Hand Cart
34:39 Thumb Ring
35:57 Scale Mail Armor
38:52 Imperial Age
37:46 Thumb Ring
39:04 Squires
39:06 Caravan
39:09 Scale Mail Armor
39:20 Forging
40:47 Chemistry
39:35 Arbalester
41:01 Conscription
41:48 Chain Mail Armor
41:35 Bracer
44:06 Caravan
44:24 Chain Mail Armor
44:44 Iron Casting
45:10 Coinage
45:50 Two-Man Saw
45:47 Plate Mail Armor
46:31 Banking
45:48 Arrowslits
45:59 Murder Holes
传奇耐电王汤恩伯
6:40 Loom
9:27 Feudal Age
19:02 Horse Collar
19:38 Scale Barding Armor
22:34 Forging
24:38 Castle Age
23:00 Gold Mining
24:24 Bloodlines
24:09 Double-Bit Axe
25:28 Chain Barding Armor
36:56 Iron Casting
36:26 Husbandry
41:50 Devotion
45:38 Wheelbarrow
47:58 Imperial Age
44:59 Light Cavalry
46:03 Bow Saw
Connection lost

Rejoining the realm…

Still unreachable

The connection could not be restored.

Session expired

The server has moved on; the page needs a fresh start.